 Dungeon Crawl Stone Soup version 0.26.1-11-gd32895ea62 (webtiles) character file.

Game seed: 4648231184237349742

4 Zeld the Chopper (level 1, -1/18 HPs)
             Began as a Formicid Berserker on May 27, 2021.
             Was a Follower of Trog.
             Slain by a centaur warrior simulacrum (5 damage)
             ... on level 14 of the Dungeon.
             The game lasted 00:00:43 (404 turns).

Zeld the Chopper (Formicid Berserker)                Turns: 404, Time: 00:00:43

Health: -1/18      AC:  0    Str: 21    XL:     1   Next: 77%
Magic:  1/1        EV: 12    Int:  6    God:    Trog [*.....]
Gold:   0          SH:  0    Dex: 10    Spells: 0/0 levels left

rFire    . . .     SeeInvis +   a - +0 hand axe
rCold    . . .     Faith    .   (no shield)
rNeg     . . .     Spirit   .   (no armour)
rPois    .         Reflect  .   (helmet unavailable)
rElec    .         Harm     .   (no cloak)
rCorr    .         Rampage  .   (no gloves)
Will     .....                  (no boots)
Stlth    +.........             (no amulet)
HPRegen  0.06/turn              (no ring)
MPRegen  0.07/turn              (no ring)

@: no status effects
A: permanent stasis, dig shafts and tunnels, four strong arms, antennae 3
a: Dig, Shaft Self, Renounce Religion


You were on level 14 of the Dungeon.
You worshipped Trog.
Trog was aware of your devotion.
You visited 1 branch of the dungeon, and saw 8 of its levels.

Inventory:

Hand Weapons
 a - a +0 hand axe (weapon)


   Skills:
 - Level 3.2 Fighting
 * Level 3.3 Axes
 - Level 2.1 Armour
 - Level 1.7 Dodging


You couldn't memorise any spells.
You didn't know any spells.
Your spell library was empty.

Dungeon Overview and Level Annotations

Branches:
Dungeon (6/15)
 Temple: D:4-7

Altars:

Shops:
D:6 =

Annotations:
D:14 Rupert


Innate Abilities, Weirdness & Mutations

You cannot be hasted, slowed, berserked, paralysed or teleported.
You can dig through walls and to a lower floor.
Your four strong arms can wield two-handed weapons with a shield.
You have a pair of large antennae on your head. (SInv)


Message History

[Y]es or [N]o only, please.
Are you sure you want to shaft yourself? [Y]es or [N]o only, please.
Are you sure you want to shaft yourself? [Y]es or [N]o only, please.
Are you sure you want to shaft yourself?
Unknown command.
A tengu conjurer comes into view.
The tengu conjurer shouts!
A kobold demonologist comes into view. It is wielding a +0 dagger.
Found a stone staircase leading down.
The kobold demonologist shouts!
The tengu conjurer gestures at you while chanting.
The puff of flame hits you!
Ouch! That really hurt!
* * * LOW HITPOINT WARNING * * *
Rupert looks as if he doubts whether you exists.
The kobold demonologist gestures wildly while chanting.
The centaur warrior simulacrum hits you.
You die...

#..# #..# #.>#
########..#
..........# ####
..........###.....
.........KQ.......
.........Z@.......
.......4#####.####
........#{
.....T..#
......{.#
.......@#
###......
#........
#..#......


You could see a rust devil (summoned), a kobold demonologist, a tengu conjurer
and a centaur warrior simulacrum.

Vanquished Creatures
  A giant cockroach (D:3)
  2 goblins (D:3)
  A rat (D:3)
4 creatures vanquished.

Notes
Turn   | Place    | Note
-------+----------+-------------------------------------------
     0 | D:1      | Zeld the Formicid Berserker began the quest for the Orb.
     0 | D:1      | Reached XP level 1. HP: 18/18 MP: 1/1
     9 | D:1      | You fall into a shaft and drop 1 floor!
    12 | D:2      | You fall into a shaft and drop 1 floor!
   385 | D:3      | You fall into a shaft and drop 2 floors!
   385 | D:5      | Entered Level 5 of the Dungeon
   388 | D:5      | You fall into a shaft and drop 1 floor!
   388 | D:6      | Found Koisor's Jewellery Shop.
   388 | D:6      | Noticed a phantom
   388 | D:6      | Noticed an orc wizard
   389 | D:6      | Noticed an orc priest
   389 | D:6      | Noticed an ogre
   392 | D:6      | You fall into a shaft and drop 3 floors!
   395 | D:9      | You fall into a shaft and drop 3 floors!
   398 | D:12     | You fall into a shaft and drop 2 floors!
   398 | D:14     | Noticed a troll
   398 | D:14     | Noticed Rupert
   398 | D:14     | Noticed a centaur warrior simulacrum
   400 | D:14     | Noticed a tengu conjurer
   400 | D:14     | Noticed a kobold demonologist
   404 | D:14     | Slain by a centaur warrior simulacrum

Illustrated notes

Levels and vault maps discovered:
D:1:      minmay_arrival_jagged, layout_basic, minivault_24
D:2:      layout_loops_ring, general_overflow_altar
D:3:      layout_basic, yredelemnul_altar_generic
D:5:      layout_loops_corners, minmay_temple_entry_gardened_gates,
          cheibriados_altar_1
D:6:      layout_cave_pools, enter_ossuary_1, serial_shops, shop,
          minmay_small_thing
D:9:      layout_loops_cross, minmay_lair_entry_grove, gammafunk_ghost_grave,
          uniq_joseph
D:12:     layout_basic
D:14:     hangedman_cross_cluster, layout_irregular_city, david_vaults_1,
          serial_bayou_pond_a, uniq_rupert

Action                   || total
-------------------------++-------
Melee: Hand axe          ||     9
 Abil: Shaft Self        ||     7
Dodge: Dodged            ||     9
